 Dungeon Crawl Stone Soup version 0.18-a0-1211-g828307d (webtiles) character file.

76449 Duffy the Convoker (level 15, 93/93 HPs)
             Began as a Deep Elf Ice Elementalist on Feb 2, 2016.
             Was the Champion of Sif Muna.
             Quit the game on level 14 of the Dungeon.
             The game lasted 01:20:49 (40696 turns).

Duffy the Convoker (Deep Elf Ice Elementalist)     Turns: 40696, Time: 01:20:50

Health: 93/93      AC: 18    Str:  9    XL:     15   Next: 12%
Magic:  36/36      EV: 18    Int: 27    God:    Sif Muna [******]
Gold:   2703       SH:  0    Dex: 17    Spells: 9 memorised, 17 levels left

rFire  + . .     SeeInvis +     T - +9 short sword "Gam Omap" {pierce, SInv Stlth+}
rCold  . . .     Gourm    .     z - +7 leather armour of Idealism {Str+4 Slay+3 Stlth+}
rNeg   . . .     Faith    .     (no shield)
rPois  .         Spirit   .     f - +0 helmet
rElec  +         Dismiss  .     a - +0 cloak
rCorr  .         Reflect  .     N - +2 pair of gloves
SustAt +         Harm     .     Y - +2 pair of boots
MR     +....                    C - amulet of regeneration
Stlth  +++++.....               Z - +3 ring of evasion
                                t - ring "Muihukha" {SustAt rElec rF+}

@: somewhat resistant to hostile enchantments, quite stealthy
A: agile 1
a: Channel Energy, Forget Spell, Renounce Religion


You were on level 14 of the Dungeon.
You worshipped Sif Muna.
Sif Muna was exalted by your worship.
You were not hungry.

You visited 3 branches of the dungeon, and saw 25 of its levels.
You also visited: Volcano.

You collected 3171 gold pieces.
You spent 468 gold pieces at shops.


Innate Abilities, Weirdness & Mutations

You are agile. (Dex +2)


   Skills:
 - Level 10.5 Fighting
 - Level 5.8 Dodging
 - Level 5.0 Stealth
 + Level 15.1 Spellcasting
   Level 4.8 Conjurations
 - Level 4.2 Charms
 + Level 17.2 Summonings
 - Level 4.0 Necromancy
 - Level 3.2 Translocations
 - Level 4.0 Ice Magic
 - Level 10.2 Invocations


You had 17 spell levels left.
You knew the following spells:

 Your Spells              Type           Power        Failure   Level  Hunger
a - Freeze                Ice            ####         1%          1    None
e - Apportation           Tloc           #####.....   1%          1    None
j - Monstrous Menagerie   Summ           #######...   3%          7    #####..
l - Summon Ice Beast      Ice/Summ       ######..     1%          4    None
n - Summon Mana Viper     Hex/Summ       ######..     3%          5    None
r - Regeneration          Chrm/Necr      #####.....   1%          3    None
t - Summon Butterflies    Summ           #######.     0%          1    None
w - Ozocubu's Armour      Chrm/Ice       #####...     1%          3    None
B - Blink                 Tloc           N/A          1%          2    None

Inventory:

Hand Weapons
 H - a +0 blowgun
 T - the +9 short sword "Gam Omap" (weapon) {pierce, SInv Stlth+}

   It inflicts extra damage upon your enemies.
   It lets you see invisible.
   It makes you more stealthy.
 V - the +10 rapier "Rutzoropo" {pierce, -Tele rN+++ Int+4}

   It inflicts extra damage upon your enemies.
   It affects your intelligence (+4).
   It renders you almost immune to negative energy.
   It prevents most forms of teleportation.
Missiles
 e - 4 throwing nets
 h - 133 poisoned needles
 i - 8 javelins of penetration (quivered)
 Q - 5 curare-tipped needles
Armour
 a - a +0 cloak (worn)
 f - a +0 helmet (worn)
 u - a +1 robe of resistance
 z - the +7 leather armour of Idealism (worn) {Str+4 Slay+3 Stlth+}

   It affects your strength (+4).
   It affects your accuracy and damage with ranged weapons and melee attacks
   (+3).
   It makes you more stealthy.
 N - a +2 pair of gloves (worn)
 Y - a +2 pair of boots (worn)
Jewellery
 b - an uncursed ring of poison resistance
 t - the ring "Muihukha" (left hand) {SustAt rElec rF+}

   [ring of sustain attributes]

   It sustains your strength, intelligence and dexterity.
   It protects you from fire.
   It insulates you from electricity.
 C - an amulet of regeneration (around neck)
 M - a cursed ring of loudness {unknown}
 S - an uncursed ring of magical power {unknown}
 Z - a +3 ring of evasion (right hand)
Wands
 l - a wand of disintegration (2/24)
 q - a wand of digging (9/24)
 B - a wand of lightning (6/15)
 D - a wand of heal wounds (6/9)
 L - a wand of iceblast (12/15)
 R - a wand of paralysis (13/24)
Scrolls
 d - 12 scrolls of teleportation
 g - 2 scrolls of recharging
 k - 2 scrolls of amnesia
 n - 4 scrolls of enchant armour
 s - 14 scrolls of remove curse
 y - 3 scrolls of magic mapping
 A - 5 scrolls of fear
 E - a scroll of torment
 G - a scroll of blinking
 J - 5 scrolls of fog
Potions
 j - 10 potions of curing
 m - 5 potions of resistance
 o - 4 potions of haste {unknown}
 p - 4 potions of magic
 v - 5 potions of flight
 w - 3 potions of brilliance
 x - 3 potions of agility
 F - 2 potions of invisibility
 I - 5 potions of cure mutation
 K - 2 potions of mutation {unknown}
 O - 2 potions of ambrosia
 P - 4 potions of heal wounds
Comestibles
 c - 15 bread rations
 r - 12 meat rations
 X - 25 fruits

Dungeon Overview and Level Annotations

Branches:
Dungeon (15/15)            Temple (0/1) D:5            Lair (8/8) D:10
 Shoals (0/4) Lair:3        Snake (0/4) Lair:3        Slime (0/6) Lair:6
    Orc (2/2) D:10            Elf (0/3) Orc:2        Vaults (0/5) D:13
 Depths (0/5) D:15

Altars:
Ashenzari
Cheibriados
Dithmenos
Fedhas
Gozag
Kikubaaqudgha
Makhleb
Nemelex Xobeh
Okawaru
Qazlal
Ru
Sif Muna
Trog
Xom
The Shining One
Jiyva

Shops:
D:11 (   Orc:2 (([


Message History

an uncursed shortbow; 3 arrows You see here an arrow.
You see here an arrow.
You see here an arrow.
Things that are here:
a shortbow; 20 arrows
Things that are here:
an arrow; a giant spiked club
Things that are here:
a battleaxe of electrocution; a chain mail You see here a flail.
Items here: )) [[ a dagger; a robe; a club; a scale mail
There is a stone staircase leading up here.
Done exploring.
Done exploring.
Done exploring.
Done exploring.
Some of the chunks of flesh in your inventory have rotted away.
Read which item? (? for menu, Esc to quit)
Okay, then.
All of the chunks of flesh in your inventory have rotted away.
There is a stone staircase leading up here.
You aren't carrying or standing over any spellbooks.
Unknown command.
Search for what [Enter for "shop", or ? for help]? horri Unknown command.
Done exploring.
There is a stone staircase leading up here.
Read which item? (? for menu, Esc to quit)
Okay, then.
You climb upwards.
There is a stone staircase leading down here.
There is an open door here.
Are you sure you want to abandon this character and quit the game? (Confirm with "yes".)

##(........##........#
.(.......:...........#
(.##.....##..#####.###
(###..#..###.# #.##
(##..###..##.# #..#
.....###.....# ##.#
##.#..#..##### #.#
#.#.....# #####.######
#...#.### #.@........#
####)..########..........#
(.(()....................#
####.##########..........#
#.# #..........# #.#
#........!.# #.##
##.######### #..# #.#
##.### #.#


There were no monsters in sight!

Action                   |  1- 3 |  4- 6 |  7- 9 | 10-12 | 13-15 || total
-------------------------+-------+-------+-------+-------+-------++-------
Melee: Short sword       |       |       |    59 |       |   287 ||   346
       Rapier            |       |       |    29 |   453 |    63 ||   545
Throw: Javelin           |       |    25 |    12 |     9 |     8 ||    54
 Cast: Freeze            |    52 |    85 |    59 |       |       ||   196
       Summon Ice Beast  |       |     7 |    68 |   260 |    84 ||   419
       Summon Butterflie |       |       |       |     8 |       ||     8
       Summon Mana Viper |       |       |       |    28 |     1 ||    29
       Monstrous Menager |       |       |       |     2 |   256 ||   258
       Ozocubu's Armour  |       |       |       |     1 |       ||     1
       Blink             |       |       |       |       |     2 ||     2
Invok: Channel Energy    |       |       |    16 |    59 |   201 ||   276
Evoke: Wand              |       |       |       |       |     2 ||     2
  Use: Scroll            |       |     5 |     7 |    15 |    10 ||    37
       Potion            |       |       |     1 |       |     1 ||     2
 Stab: Sleeping          |       |       |     2 |    11 |    17 ||    30
       Distracted        |       |       |     2 |     2 |     7 ||    11
       Paralysed         |       |       |       |       |     1 ||     1
  Eat: Chunk             |     2 |    11 |    18 |    44 |   142 ||   217
       Meat ration       |       |       |     1 |     1 |     1 ||     3
       Beef jerky        |       |       |       |     2 |     7 ||     9
       Royal jelly       |       |       |       |     1 |     2 ||     3
       Pizza             |       |       |       |     2 |     5 ||     7
       Fruit             |       |       |       |     2 |       ||     2
       Bread ration      |       |       |       |       |     1 ||     1

Notes
Turn   | Place    | Note
--------------------------------------------------------------
     0 | D:1      | Duffy the Deep Elf Ice Elementalist began the quest for the Orb.
     0 | D:1      | Reached XP level 1. HP: 10/10 MP: 6/6
    43 | D:1      | Reached XP level 2. HP: 10/15 MP: 2/8
   375 | D:1      | Found an iron altar of Okawaru.
   462 | D:1      | Reached skill level 4 in Spellcasting
   547 | D:1      | Reached XP level 3. HP: 13/20 MP: 8/10
   666 | D:1      | Reached skill level 4 in Ice Magic
  1075 | D:1      | Learned a level 3 spell: Ozocubu's Armour
  1138 | D:2      | Found a shattered altar of Ashenzari.
  1147 | D:2      | Reached skill level 1 in Fighting
  1497 | D:2      | Reached XP level 4. HP: 22/26 MP: 8/12
  1582 | D:2      | Found a glowing golden altar of the Shining One.
  1681 | D:2      | Found a stormy altar of Qazlal.
  2001 | D:3      | Reached skill level 2 in Fighting
  2059 | D:3      | Learned a level 4 spell: Summon Ice Beast
  2138 | D:3      | Found an opulent altar of Gozag.
  2489 | D:3      | Found a shadowy altar of Dithmenos.
  2824 | D:3      | Found a deep blue altar of Sif Muna.
  2827 | D:3      | Became a worshipper of Sif Muna the Loreminder
  3236 | D:4      | Noticed an ogre
  3251 | D:4      | Killed an ogre
  3251 | D:4      | Reached skill level 3 in Fighting
  3251 | D:4      | Reached skill level 2 in Summonings
  3251 | D:4      | Reached XP level 5. HP: 30/32 MP: 11/13
  3479 | D:5      | Entered Level 5 of the Dungeon
  3479 | D:5      | Noticed YrmMerkstave's ghost (novice DECj)
  3888 | D:6      | Reached skill level 3 in Summonings
  3888 | D:6      | Reached XP level 6. HP: 37/37 MP: 10/14
  4002 | D:6      | Reached skill level 4 in Summonings
  4338 | D:5      | Reached skill level 5 in Spellcasting
  4475 | D:5      | Found a shattered altar of Ashenzari.
  4482 | D:5      | Reached * piety under Sif Muna
  4828 | D:6      | Found a sparkling altar of Nemelex Xobeh.
  4851 | D:6      | Reached skill level 5 in Summonings
  4851 | D:6      | Reached XP level 7. HP: 41/41 MP: 13/17
  4978 | D:6      | Reached skill level 1 in Invocations
  5256 | D:6      | Found a snail-covered altar of Cheibriados.
  5360 | D:7      | Reached skill level 2 in Invocations
  5628 | D:7      | Reached skill level 6 in Spellcasting
  5628 | D:7      | Reached skill level 6 in Summonings
  5859 | D:7      | Found a shimmering altar of Xom.
  5860 | D:7      | Found a shimmering altar of Xom.
  5861 | D:7      | Found a shimmering altar of Xom.
  5861 | D:7      | Found a shimmering altar of Xom.
  5862 | D:7      | Found a shimmering altar of Xom.
  5862 | D:7      | Found a shimmering altar of Xom.
  5862 | D:7      | Found a shimmering altar of Xom.
  5961 | D:7      | Found an iron altar of Okawaru.
  6108 | D:7      | Found a shimmering altar of Xom.
  6110 | D:7      | Found a shimmering altar of Xom.
  6110 | D:7      | Found a shimmering altar of Xom.
  6304 | D:8      | Gained mutation: You are agile. (Dex +2) [potion of beneficial mutation]
  6466 | D:8      | Reached XP level 8. HP: 46/46 MP: 9/19
  6549 | D:8      | Got a polished short sword
  6550 | D:8      | Identified the +9 short sword "Gam Omap" {pierce, SInv Stlth+} (You found it on level 8 of the Dungeon)
  6634 | D:8      | Reached ** piety under Sif Muna
  6721 | D:8      | Reached skill level 7 in Summonings
  6721 | D:8      | Reached skill level 3 in Invocations
  7178 | D:9      | Learned a level 1 spell: Summon Butterflies
  7180 | D:9      | Learned a level 1 spell: Apportation
  7288 | D:9      | Reached skill level 7 in Spellcasting
  7443 | D:8      | Noticed an eight-headed hydra
  7687 | D:9      | Reached skill level 8 in Summonings
  7687 | D:9      | Reached skill level 4 in Invocations
  7978 | D:9      | Found a sacrificial altar of Ru.
  7990 | D:9      | Reached *** piety under Sif Muna
  8117 | D:9      | Reached skill level 8 in Spellcasting
  8117 | D:9      | Reached XP level 9. HP: 38/51 MP: 18/23
  8497 | D:9      | Found a blossoming altar of Fedhas.
  8512 | D:9      | Reached skill level 9 in Summonings
  8703 | D:9      | Found a bloodstained altar of Trog.
  8911 | D:9      | Reached skill level 5 in Invocations
  9351 | D:10     | Entered Level 10 of the Dungeon
  9363 | D:10     | Reached skill level 9 in Spellcasting
  9453 | D:10     | Got an ivory rapier
  9457 | D:10     | Identified the +10 rapier "Rutzoropo" {pierce, -Tele rN+++ Int+4} (You found it on level 10 of the Dungeon)
  9742 | D:10     | Reached **** piety under Sif Muna
  9742 | D:10     | Reached skill level 10 in Summonings
  9903 | D:10     | Reached skill level 4 in Fighting
  9985 | D:10     | Found an iron altar of Okawaru.
 10007 | D:10     | Reached skill level 11 in Summonings
 10023 | D:10     | Reached XP level 10. HP: 37/58 MP: 6/25
 10388 | D:10     | Found a staircase to the Orcish Mines.
 10497 | D:10     | Found a staircase to the Lair.
 10874 | Lair:1   | Entered Level 1 of the Lair of Beasts
 11516 | Lair:1   | Reached ***** piety under Sif Muna
 11744 | Lair:1   | You fall through a shaft!
 11809 | Lair:2   | Noticed a spiny frog
 11817 | Lair:2   | Killed a spiny frog
 11817 | Lair:2   | Reached skill level 3 in Dodging
 11972 | Lair:1   | Noticed a spiny frog
 11987 | Lair:1   | Killed a spiny frog
 11987 | Lair:1   | Reached skill level 5 in Fighting
 12094 | Lair:1   | Noticed a black mamba
 12101 | Lair:1   | Killed a black mamba
 12675 | Lair:1   | Reached skill level 4 in Dodging
 12686 | Lair:1   | Reached skill level 12 in Summonings
 12747 | Lair:1   | Got a dazzling leather armour
 12758 | Lair:1   | Identified the +7 leather armour of Idealism {Str+4 Slay+3 Stlth+} (You found it on level 1 of the Lair of Beasts)
 13195 | Lair:3   | Found a sparkling altar of Nemelex Xobeh.
 13572 | Lair:2   | Noticed a spiny frog
 13584 | Lair:2   | Killed a spiny frog
 13584 | Lair:2   | Reached skill level 5 in Dodging
 14078 | Lair:2   | Reached skill level 6 in Fighting
 14091 | Lair:2   | Reached XP level 11. HP: 36/64 MP: 16/26
 14405 | Lair:2   | Noticed a four-headed hydra
 14411 | Lair:2   | Killed a four-headed hydra
 14543 | Lair:3   | Reached skill level 13 in Summonings
 14908 | Lair:3   | Noticed a griffon
 14909 | Lair:3   | Found a staircase to the Snake Pit.
 15005 | Lair:3   | Found a staircase to the Shoals.
 15314 | Lair:3   | Killed a griffon
 15366 | Lair:3   | Noticed an eight-headed hydra
 15381 | Lair:3   | Killed an eight-headed hydra
 15732 | Lair:3   | Noticed a four-headed hydra
 15740 | Lair:3   | Killed a four-headed hydra
 15740 | Lair:3   | Reached ****** piety under Sif Muna
 16004 | Lair:3   | Received a gift from Sif Muna
 16053 | Lair:3   | Identified Jepugyol's Compendium of the Escort (Sif Muna gifted it to you on level 3 of the Lair of Beasts)
 16060 | Lair:3   | Learned a level 5 spell: Summon Mana Viper
 16065 | Lair:3   | Learned a level 4 spell: Throw Icicle
 16163 | D:8      | Killed an eight-headed hydra
 16264 | D:8      | Learned a level 2 spell: Blink
 16354 | D:8      | Reached skill level 1 in Translocations
 16917 | D:6      | Reached skill level 10 in Spellcasting
 17015 | D:6      | Reached skill level 2 in Translocations
 17534 | D:6      | Noticed a hill giant
 17544 | D:6      | Killed a hill giant
 17544 | D:6      | Reached skill level 3 in Translocations
 17759 | D:5      | Found a bloodstained altar of Trog.
 17759 | D:5      | Found a deep blue altar of Sif Muna.
 17760 | D:5      | Found an ancient bone altar of Kikubaaqudgha.
 17784 | D:5      | Killed YrmMerkstave's ghost
 17784 | D:5      | Reached skill level 1 in Charms
 17908 | D:5      | Found a staircase to the Ecumenical Temple.
 18282 | Lair:3   | Reached skill level 2 in Conjurations
 18320 | Lair:3   | Reached skill level 2 in Charms
 18415 | Lair:4   | Reached skill level 3 in Charms
 18676 | Lair:4   | Reached skill level 4 in Charms
 18934 | Lair:4   | Reached skill level 3 in Conjurations
 18947 | Lair:4   | Noticed a five-headed hydra
 18955 | Lair:4   | Killed a five-headed hydra
 19133 | Lair:4   | Reached skill level 4 in Conjurations
 19193 | Lair:4   | Noticed a five-headed hydra
 19489 | Lair:4   | Reached skill level 7 in Fighting
 19489 | Lair:4   | Reached XP level 12. HP: 70/72 MP: 17/28
 19576 | Lair:5   | Found a dark tunnel.
 19589 | Volcano  | Entered a volcano
 19648 | Volcano  | Reached skill level 14 in Summonings
 20613 | Lair:5   | Noticed a six-headed hydra
 20626 | Lair:5   | Killed a six-headed hydra
 21523 | Lair:5   | Received a gift from Sif Muna
 21523 | Lair:5   | Reached skill level 11 in Spellcasting
 21524 | Lair:5   | Identified Sif Muna's Compendium of Warped Confrontation (Sif Muna gifted it to you on level 5 of the Lair of Beasts)
 21797 | Lair:5   | Noticed a death yak
 21835 | Lair:4   | Killed a death yak
 21992 | Lair:5   | Noticed a death yak
 21994 | Lair:5   | Noticed a death yak
 22006 | Lair:5   | Killed a death yak
 22092 | Lair:5   | Noticed a death yak
 22092 | Lair:5   | Noticed a death yak
 22097 | Lair:5   | Noticed a death yak
 22131 | Lair:4   | Killed a death yak
 22308 | Lair:4   | Killed a five-headed hydra
 22688 | Lair:5   | Killed a death yak
 22688 | Lair:5   | Reached skill level 15 in Summonings
 22742 | Lair:4   | Killed a death yak
 22742 | Lair:4   | Reached skill level 12 in Spellcasting
 22754 | Lair:5   | Killed a death yak
 23019 | Lair:5   | Noticed a queen ant
 23053 | Lair:5   | Killed a queen ant
 23072 | Lair:5   | Learned a level 3 spell: Regeneration
 23352 | Lair:5   | Noticed an eight-headed hydra
 23356 | Lair:5   | Reached skill level 1 in Necromancy
 23359 | Lair:5   | Killed an eight-headed hydra
 23599 | Lair:6   | Found a staircase to the Slime Pits.
 23599 | Lair:6   | Found a viscous altar of Jiyva.
 23947 | Lair:6   | Reached skill level 2 in Necromancy
 24047 | Lair:6   | Noticed a death yak
 24049 | Lair:6   | Noticed a death yak
 24074 | Lair:6   | Killed a death yak
 24074 | Lair:6   | Reached skill level 3 in Necromancy
 24319 | Lair:6   | Noticed a six-headed hydra
 24328 | Lair:6   | Killed a six-headed hydra
 24328 | Lair:6   | Reached skill level 4 in Necromancy
 24578 | Lair:6   | Noticed a death yak
 24578 | Lair:6   | Noticed a death yak
 24579 | Lair:6   | Noticed a death yak
 24581 | Lair:6   | Killed a death yak
 24937 | Lair:6   | Received a gift from Sif Muna
 24938 | Lair:6   | Identified Sif Muna's Handbook of Companions (Sif Muna gifted it to you on level 6 of the Lair of Beasts)
 24947 | Lair:6   | Learned a level 7 spell: Monstrous Menagerie
 25059 | Lair:6   | Killed a death yak
 25060 | Lair:6   | Killed a death yak
 25064 | Lair:6   | Killed a death yak
 25084 | Lair:6   | Reached XP level 13. HP: 72/76 MP: 22/31
 25280 | Lair:7   | Reached skill level 3 in Stealth
 25514 | Lair:7   | Reached skill level 4 in Stealth
 25517 | Lair:7   | Reached skill level 5 in Stealth
 25819 | Lair:7   | Found a blossoming altar of Fedhas.
 26137 | Lair:7   | Reached skill level 6 in Invocations
 27186 | Lair:8   | Entered Level 8 of the Lair of Beasts
 27334 | Lair:8   | Reached skill level 7 in Invocations
 27453 | Lair:8   | Reached skill level 8 in Fighting
 28891 | Lair:8   | Noticed a dire elephant
 28891 | Lair:8   | Noticed a dire elephant
 28904 | Lair:8   | Killed a dire elephant
 28911 | Lair:8   | Killed a dire elephant
 29299 | Lair:8   | Got a sparkling bronze ring
 29301 | Lair:8   | Identified the ring "Muihukha" {SustAt rElec rF+} (You found it on level 8 of the Lair of Beasts)
 29319 | Lair:8   | Noticed a dire elephant
 29329 | Lair:8   | Killed a dire elephant
 29329 | Lair:8   | Reached skill level 8 in Invocations
 29346 | Lair:8   | Noticed a dire elephant
 29355 | Lair:8   | Killed a dire elephant
 29437 | Lair:8   | Noticed a dire elephant
 29446 | Lair:8   | Killed a dire elephant
 29479 | Lair:8   | Noticed a dire elephant
 29493 | Lair:8   | Killed a dire elephant
 30153 | D:11     | Reached skill level 9 in Fighting
 30206 | D:11     | Noticed MordorOrchid's ghost (journeyman HaAs)
 30218 | D:11     | Killed MordorOrchid's ghost
 30468 | D:11     | Reached skill level 9 in Invocations
 30701 | D:11     | Found Qaaveifu's Weapon Shop.
 31055 | D:11     | Found a stormy altar of Qazlal.
 32198 | D:12     | Reached XP level 14. HP: 86/86 MP: 20/32
 32836 | D:12     | Got a fine trident
 32837 | D:12     | Identified the +7 trident of Duffy's Sudden Death {freeze, Fragile MR- MP+9 Int+3} (You found it on level 12 of the Dungeon)
 33362 | D:13     | Found a gate to the Vaults.
 33367 | D:13     | Noticed Frances
 33385 | D:12     | Reached skill level 10 in Invocations
 33600 | D:13     | Killed Frances
 33781 | D:13     | Reached skill level 10 in Fighting
 34937 | D:13     | Found a snail-covered altar of Cheibriados.
 35174 | Orc:1    | Entered Level 1 of the Orcish Mines
 35182 | Orc:1    | Reached skill level 16 in Summonings
 35468 | Orc:1    | Reached skill level 13 in Spellcasting
 35874 | Orc:2    | Entered Level 2 of the Orcish Mines
 35905 | Orc:2    | Found a staircase to the Elven Halls.
 36509 | Orc:2    | Noticed Primus's ghost (journeyman DDFi)
 36522 | Orc:2    | Killed Primus's ghost
 36827 | Orc:2    | Found Vobob's Antique Armour Emporium.
 36827 | Orc:2    | Found Derphil's Antique Weapon Boutique.
 36882 | Orc:2    | Found Luygoxzi's Weapon Boutique.
 36882 | Orc:2    | Found Jixamos's Food Emporium.
 37031 | Orc:2    | Bought a glowing robe for 21 gold pieces
 37062 | Orc:2    | Bought a meat ration for 65 gold pieces
 37062 | Orc:2    | Bought a meat ration for 65 gold pieces
 37062 | Orc:2    | Bought a meat ration for 65 gold pieces
 37062 | Orc:2    | Bought a bread ration for 65 gold pieces
 37062 | Orc:2    | Bought a meat ration for 65 gold pieces
 37062 | Orc:2    | Bought 3 beef jerkies for 58 gold pieces
 37062 | Orc:2    | Bought a royal jelly for 26 gold pieces
 37062 | Orc:2    | Bought a slice of pizza for 19 gold pieces
 37062 | Orc:2    | Bought a beef jerky for 19 gold pieces
 37558 | D:14     | Found a shadowy altar of Dithmenos.
 37686 | D:14     | Received a gift from Sif Muna
 37687 | D:14     | Identified Sif Muna's Collected Works on Feathery Confrontation (Sif Muna gifted it to you on level 14 of the Dungeon)
 37697 | D:14     | Reached skill level 14 in Spellcasting
 38216 | D:14     | Found a burning altar of Makhleb.
 38503 | D:15     | Entered Level 15 of the Dungeon
 39541 | D:15     | Reached XP level 15. HP: 88/93 MP: 28/35
 39590 | D:15     | Reached skill level 17 in Summonings
 39734 | D:15     | Noticed Louise
 39747 | D:15     | Killed Louise
 40230 | D:15     | Found a staircase to the Depths.
 40255 | D:15     | Reached skill level 15 in Spellcasting
 40414 | D:15     | Noticed Agnes
 40425 | D:15     | Killed Agnes
 40696 | D:14     | Quit the game

Vault maps used:
D:1:      ncdulo_smallfort, minmay_misc_feat_diagonals,
          okawaru_ov_weapons_minmay
D:2:      lemuel_coloured_pillars_altar, grunt_qazlal_clouds,
          evilmike_ruin_ashenzari
D:3:      nicolae_overflow_hidden_temple, marbit_many_paths,
          lemuel_blue_sif_altar
D:4:      minmay_crystal_water
D:5:      grunt_temple_overflow_open, lemuel_round_altar, temple_doors_e,
          first_bread
D:6:      lemuel_crystal_altar, old_standard_altar
D:7:      kennysheep_little_box, xom_redecorated, serial_glass, glass_columns_a,
          glass_columns_a
D:9:      nicolae_ru_great_annihilating_truth, basic_altar,
          hangedman_tree_tricks
D:10:     lair_0_dummy, hiddenorc1_lemuel, basic_altar
D:11:     serial_shops, nicolae_shop_temple_entry_statues_fountains,
          basic_altar, serial_ice, serial_ice_b, serial_ice_f, serial_ice_m,
          serial_ice_o, serial_ice_h, serial_ice_c, kennysheep_path_1,
          nicolae_looking_at_the_future
D:13:     lightli_vaults_fourway_checkpoint, basic_altar, minivault_12,
          uniq_frances
D:14:     minmay_crystal_room, basic_altar, nicolae_dithmenos_shadow_blocks
D:15:     grunt_enter_depths_magical_seal, nrook_mini_backslash,
          hangedman_corner_corridor, uniq_agnes, uniq_louise
Lair:2:   st_stairs_13
Lair:3:   minmay_shoals_entry_beasts, dummy_snake_entry, basic_altar,
          patterned_corridor
Lair:4:   serial_bayou_pond_b
Lair:5:   enter_volcano_2, portal_ice_cave_entry_ice_beasts, wad_woods_antlair
Lair:6:   slime_altar_1
Lair:7:   basic_altar, beast_lair_carwin_9
Lair:8:   due_jungle_book, grunt_megastairs_2
Orc:2:    grunt_orc_tribal_feast
Volcano:  volcano_tomb

Vanquished Creatures
  Frances Agnes Louise
  6 dire elephants
  An ettin
  A fire dragon
  The ghost of MordorOrchid the Unseen, a journeyman HaAs of Trog
  The ghost of Primus the Blocker, a journeyman DDFi
  4 vault guards
  2 rakshasas
  13 hydras
  A catoblepas
  4 centaur warriors
  An anaconda
  A queen ant
  A tengu warrior
  An ogre mage
  20 death yaks
  3 orc high priests
  3 deep elf knights
  2 unseen horrors
  A deep elf archer
  7 orc knights
  A hill giant (shapeshifter)
  A wolf spider zombie
  8 hill giants
  6 orc sorcerers
  An orb spider (shapeshifter)
  16 ugly things
  4 deep elf magi
  2 wizards
  3 griffons
  4 cyclopes
  5 manticores
  3 centaur zombies
  5 black mambas
  2 naga magi
  7 centaur skeletons
  13 spiny frogs
  14 elephants
  3 gargoyles
  8 komodo dragons
  A yaktaur (shapeshifter)
  2 kobold demonologists
  6 fire drakes
  A tengu conjurer
  2 polar bears
  11 trolls
  A queen bee
  The ghost of YrmMerkstave the Conjurer, a novice DECj of Vehumet
  A freezing wraith
  4 two-headed ogres
  A hornet zombie
  2 boulder beetles
  10 blink frogs
  2 centaur simulacra
  A shadow
  5 wyverns
  A tarantella (shapeshifter)
  2 flying skulls
  A water elemental
  62 yaks
  6 wraiths
  12 hippogriffs
  2 hungry ghosts
  6 basilisks
  12 wolves
  4 wargs
  13 vampire mosquitoes
  18 water moccasins
  5 soldier ants
  11 porcupines
  20 orc warriors
  10 ice beasts
  2 necrophages
  An eye of draining
  3 sky beasts
  A phantom
  20 centaurs
  16 ogres
  18 crocodiles
  A big kobold
  26 giant frogs
  A wyvern zombie
  A water moccasin zombie
  A wyvern skeleton
  A scorpion
  A water moccasin skeleton
  21 killer bees
  17 wights
  An electric eel
  6 crimson imps
  3 giant frog skeletons
  2 giant frog zombies
  5 jellies
  16 orc priests
  21 orc wizards
  A gnoll shaman
  4 hounds
  11 iguanas
  19 worker ants
  4 sheep
  A giant frog simulacrum
  A hound zombie
  3 mummies
  A worker ant zombie
  11 gnolls
  13 adders
  28 river rats
  5 shadow imps
  2 white imps
  A worker ant simulacrum
  An ufetubus
  An ooze
  A worm
  5 giant geckos
  82 orcs
  11 bats
  6 giant cockroaches
  16 goblins
  6 hobgoblins
  10 jackals
  17 kobolds
  3 quokkas
  2 ball pythons
  A giant gecko zombie
  3 giant newts
  2 jackal skeletons
  A quokka zombie
  6 rats
  19 fungi
  22 plants
924 creatures vanquished.
